 Dungeon Crawl Stone Soup version 0.21-a0-630-g344d351 (webtiles) character file.

452 Alarkh the Digger (level 6, -1/41 HPs)
             Began as a Demonspawn Earth Elementalist on Dec 26, 2017.
             Was an Initiate of Okawaru.
             Slain by an orc
             ... wielding a +0 flail
              (4 damage)
             ... on level 4 of the Dungeon.
             The game lasted 00:06:08 (4291 turns).

Alarkh the Digger (Demonspawn Earth Elementalist)   Turns: 4291, Time: 00:06:08

Health: -1/41      AC:  3    Str: 12    XL:     6   Next: 75%
Magic:  31/31      EV: 12    Int: 18    God:    Okawaru [......]
Gold:   150        SH:  0    Dex: 18    Spells: 8/14 levels left

rFire    . . .     SeeInvis .   q - +4 spear "Agael" {pierce, rC+ rN+ MP+9 Str+4}
rCold    + + .     Gourm    +   (no shield)
rNeg     + . .     Faith    .   n - +0 leather armour (curse)
rPois    .         Spirit   .   (no helmet)
rElec    .         Reflect  .   (no cloak)
rCorr    .         Harm     .   (no gloves)
MR       .....                  (no boots)
Stlth    +++.......             f - amulet of the gourmand
HPRegen  0.13/turn              o - ring of magical power
MPRegen  0.22/turn              x - ring of protection from cold

@: about to teleport
A: thin skeletal structure 2, powered by death 1
a: Renounce Religion


You were on level 4 of the Dungeon.
You worshipped Okawaru.
Okawaru was noncommittal.
You were completely stuffed.

You visited 2 branches of the dungeon, and saw 6 of its levels.

You collected 150 gold pieces.

Inventory:

Hand Weapons
 h - a +0 short sword
 k - a +1 whip of electrocution
 q - the +4 spear "Agael" (weapon) {pierce, rC+ rN+ MP+9 Str+4}
   (You found it on level 3 of the Dungeon)

   It inflicts extra damage upon your enemies.
   It affects your strength (+4).
   It protects you from cold.
   It protects you from negative energy.
   It affects your magic capacity (+9).
 v - a +0 quarterstaff
Missiles
 b - 81 stones (quivered)
Armour
 c - a +0 robe
 n - a cursed +0 leather armour (worn)
Jewellery
 f - an amulet of the gourmand (around neck)
 o - a ring of magical power (left hand)
 x - a ring of protection from cold (right hand)
Scrolls
 a - 2 scrolls of teleportation
 g - a scroll of noise {unknown}
 j - a scroll of amnesia
 l - a scroll of remove curse {unknown}
 r - 2 scrolls of identify
 s - a scroll of enchant armour {unknown}
 u - a scroll of immolation
Potions
 i - 2 potions of haste
 m - a potion of heal wounds {unknown}
 p - a potion of flight {unknown}
 t - a potion of curing {unknown}
Books
 e - a book of Geomancy

   Spells                             Type                      Level
   a - Sandblast                      Earth                        1
   b - Passwall                       Transmutation/Earth          2
   c - Stone Arrow                    Conjuration/Earth            3
   d - Petrify                        Transmutation/Earth          4
   e - Lee's Rapid Deconstruction     Earth                        5
Comestibles
 d - 8 rations


   Skills:
 - Level 1.7 Dodging
 - Level 1.7 Stealth
 + Level 4.7 Spellcasting
 + Level 1.6 Conjurations
 - Level 0.8 Transmutations
 + Level 5.1 Earth Magic


You had 8 spell levels left.
You knew the following spells:

 Your Spells              Type           Power        Failure   Level  Hunger
a - Sandblast             Erth           ###...       1%          1    None
b - Passwall              Tmut/Erth      ###.......   8%          2    #......
c - Stone Arrow           Conj/Erth      ###...       13%         3    ###....


Dungeon Overview and Level Annotations

Branches:
Dungeon (5/15)             Temple (1/1) D:4

Altars:
Ashenzari
Dithmenos
Elyvilon
Kikubaaqudgha
Makhleb
Nemelex Xobeh
Okawaru
Qazlal
Ru
Sif Muna
Trog
Uskayaw
Wu Jian
Xom
Yredelemnul
Zin
The Shining One

Shops:
D:4 :

Annotations:
D:3 1 exclusion


Innate Abilities, Weirdness & Mutations

You have a moderately thin skeletal structure. (Dex +4, Stealth+)
You regenerate a little health from kills.


Message History

Okay, then.
Unknown command.
The helpless orc priest fails to defend itself.
You hit the orc priest but do no damage.
The orc shouts!
The orc wizard shouts!
The orc shouts! x2
The orc wizard hits you with a dagger. The orc closely misses you.
The orc priest hits you with a hand axe.
The orc priest shouts!
The orc hits you with an enchanted hand axe.
The orc priest calls down the wrath of Beogh upon you.
Beogh smites you! The orc wizard hits you with a dagger.
The orc priest invokes the aid of Beogh against you.
Beogh smites you!
* * * LOW HITPOINT WARNING * * *
You climb upwards.
There is a stone staircase leading down here.
Okay, then.
As you read the scroll of teleportation, it crumbles to dust.
You feel strangely unstable. The orc hits you with a flail.
You die...

.....##+###..######....#######...
...###..###..#...................
...#.........#...................
...#.........#................###
...###########................#
....................#####.....#
....#####...........'...#.....###
....#.._#.......o...#...#........
....'...#......o@o..#...#........
....#.._#......oo...#...#........
.)..#####...........###.#........
..### ###############.##.......
..# #................#....... ..#
#................#....... ..#
#................#....... ###
#...########.###'#....### #...##
#.##.......#


You could see 2 orc priests, an orc wizard and 2 orcs.

Vanquished Creatures
  An ogre (D:4)
  A scorpion (D:2)
  A howler monkey (D:4)
  A crimson imp (D:4)
  An orc priest (D:4)
  4 worker ants (D:4)
  A howler monkey skeleton (D:4)
  6 adders
  An ooze (D:4)
  A worm (D:2)
  A dart slug (D:3)
  5 orcs (D:4)
  7 bats
  A giant cockroach (D:3)
  3 hobgoblins
  6 jackals
  4 kobolds
  4 ball pythons
  4 frilled lizards
  3 goblins (D:1)
  A quokka skeleton (D:4)
  6 rats
63 creatures vanquished.

Notes
Turn   | Place    | Note
-------+----------+-------------------------------------------
     0 | D:1      | Alarkh the Demonspawn Earth Elementalist began the quest for the Orb.
     0 | D:1      | Reached XP level 1. HP: 13/13 MP: 3/3
   269 | D:1      | Reached skill level 3 in Earth Magic
   269 | D:1      | Gained mutation: You regenerate a little health from kills. [demonic ancestry]
   269 | D:1      | Reached XP level 2. HP: 19/19 MP: 0/5
  1042 | D:2      | Found a sparkling altar of Nemelex Xobeh.
  1093 | D:2      | Noticed a scorpion
  1096 | D:2      | Reached XP level 3. HP: 20/24 MP: 7/7
  1183 | D:1      | Learned a level 2 spell: Passwall
  1187 | D:1      | Learned a level 3 spell: Stone Arrow
  1277 | D:2      | Killed a scorpion
  1277 | D:2      | Reached XP level 4. HP: 19/30 MP: 8/8
  1498 | D:2      | Found a shadowy altar of Dithmenos.
  1692 | D:3      | Reached skill level 4 in Earth Magic
  1728 | D:3      | Found a glowing golden altar of the Shining One.
  1867 | D:3      | Got a scorched spear
  1884 | D:3      | Identified the +4 spear "Agael" {pierce, rC+ rN+ MP+9 Str+4} (You found it on level 3 of the Dungeon)
  2211 | D:3      | Found a glowing silver altar of Zin.
  2355 | D:4      | Found Xesavyru's Book Emporium.
  2388 | D:4      | Gained mutation: You have a somewhat thin skeletal structure. (Dex +2, Stealth) [demonic ancestry]
  2388 | D:4      | Reached XP level 5. HP: 32/35 MP: 10/10
  2731 | D:4      | Found a basalt altar of Yredelemnul.
  3276 | D:4      | Found a staircase to the Ecumenical Temple.
  3381 | D:4      | Gained mutation: You have a moderately thin skeletal structure. (Dex +4, Stealth+) [demonic ancestry]
  3381 | D:4      | Reached XP level 6. HP: 38/41 MP: 12/12
  3399 | D:4      | Found a sacrificial altar of Ru.
  3466 | Temple   | Entered the Ecumenical Temple
  3553 | Temple   | Became a worshipper of Warmaster Okawaru
  3874 | D:4      | Found a shimmering altar of Xom.
  3874 | D:4      | Found a burning altar of Makhleb.
  3880 | D:4      | Reached skill level 1 in Conjurations
  4083 | D:4      | Reached skill level 5 in Earth Magic
  4287 | D:5      | Entered Level 5 of the Dungeon
  4291 | D:4      | Slain by an orc

Vault maps used:
D:1:      lightli_arrival_statuegarden
D:2:      nemelex_altar_shiori, lemuel_round_altar
D:3:      wad_pebble_path, zin_treasury, tso_metal_star, minmay_checkerbox
D:4:      grunt_temple_overflow_champion_of_chaos, marbit_many_paths,
          temple_hall, serial_shops, nicolae_shop_trees, first_ration,
          yredelemnul_altar_generic
D:5:      cheibrodos_quashed, old_standard_altar, slow_altar_2, uniq_eustachio
Temple:   compressed_dpeg_circular_temple

Skill      XL: |  1  2  3  4  5  6 |
---------------+-------------------+-----
Earth Magic    | 3 4 5 |  5.1
Spellcasting   | 3 4 |  4.7
Conjurations   | 1 |  1.6
Dodging        | |  1.7
Stealth        | |  1.7
Transmutations | |  0.8

Action                   |  1- 3 |  4- 6 || total
-------------------------+-------+-------++-------
Melee: Short sword       |    27 |       ||    27
       Whip              |    23 |    40 ||    63
       Spear             |       |    51 ||    51
 Cast: Sandblast         |    16 |    39 ||    55
       Passwall          |       |     1 ||     1
       Stone Arrow       |       |     2 ||     2
  Use: Scroll            |       |     5 ||     5
 Stab: Sleeping          |     2 |     6 ||     8
       Distracted        |       |     2 ||     2
  Eat: Chunk             |     8 |    14 ||    22
Armor: Robe              |    12 |       ||    12
       Leather armour    |    11 |    27 ||    38
Dodge: Dodged            |    55 |    68 ||   123

Table legend:
 A = Spawn XP
 B = Non-spawn XP
 C = Spawn XP percentage of total XP
 D = Spawn monster count
 E = Non-spawn monster count
 F = Spawn count percentage of total count
 G = Total turns spent on level
                    A         B        C        D         E        F      G
               +---------+---------+-------+---------+---------+-------+---------
         Total |       0 |     646 |   0.0 |       0 |      63 |   0.0 |  4291
               +---------+---------+-------+---------+---------+-------+---------
           D:1 |       0 |      27 |   0.0 |       0 |      17 |   0.0 |  1020
           D:2 |       0 |     123 |   0.0 |       0 |      17 |   0.0 |   633
           D:3 |       0 |      43 |   0.0 |       0 |      11 |   0.0 |   676
           D:4 |       0 |     453 |   0.0 |       0 |      18 |   0.0 |  1856
               +---------+---------+-------+---------+---------+-------+---------
